 Dungeon Crawl Stone Soup version 0.28-a0-1213-g0243856f03 (webtiles) character file.

Game seed: 4326997650065407884

248 siradein the Skirmisher (level 6, -1/39 HPs)
             Began as a Gargoyle Fighter on Dec 21, 2021.
             Was an Initiate of Makhleb.
             Killed by nerve-wracking pain
             ... invoked by an orc priest
              (4 damage)
             ... on level 5 of the Dungeon.
             The game lasted 00:14:10 (3794 turns).

siradein the Skirmisher (Gargoyle Fighter)          Turns: 3794, Time: 00:14:11

Health: -1/39      AC: 15    Str: 34    XL:     6   Next: 12%
Magic:  7/7        EV: 10    Int:  8    God:    Makhleb [......]
Gold:   129        SH:  0    Dex:  9    Spells: 5/5 levels left

rFire   + . .      SeeInvis .   a - +0 flail
rCold   x . .      Faith    .   c - +0 buckler
rNeg    + . .      Spirit   .   b - +0 scale mail
rPois   ∞          Reflect  .   n - +0 helmet
rElec   +          Harm     .   (no cloak)
rCorr   .          Rampage  .   i - +0 pair of gloves
Will    .....                   s - +0 pair of boots
Stlth   ..........              (no amulet)
HPRegen 0.13/turn               l - +6 ring of strength
MPRegen 0.10/turn               t - ring of Psychosis {Fire Str+6}

@: confused
A: sickness immunity, AC +4, negative energy resistance 1, electricity
resistance, torment resistance 1, petrification resistance
a: Renounce Religion


You were on level 5 of the Dungeon.
You worshipped Makhleb.
Makhleb was noncommittal.
You visited 1 branch of the dungeon, and saw 5 of its levels.

You collected 129 gold pieces.

Inventory:

Hand Weapons
 a - a +0 flail (weapon)
Armour
 b - a +0 scale mail (worn)
 c - a +0 buckler (worn)
 i - a +0 pair of gloves (worn)
 n - a +0 helmet (worn)
 s - a +0 pair of boots (worn)
Jewellery
 l - a +6 ring of strength (left hand)
 t - the ring of Psychosis (right hand) {Fire Str+6}
   (You found it on level 5 of the Dungeon)

   [ring of fire]

   It enhances your fire magic.
   Str:       It affects your strength (+6).
   rF:        It protects you from fire.
   rC:        It makes you vulnerable to cold.
Wands
 u - a wand of iceblast (2)
Scrolls
 e - 3 scrolls of magic mapping
 f - 2 scrolls of teleportation {unknown}
 g - 2 scrolls of fog {unknown}
 h - 3 scrolls of immolation
 k - 2 scrolls of blinking {unknown}
 m - a scroll of enchant weapon {unknown}
 o - a scroll of noise {unknown}
 p - 2 scrolls of identify {unknown}
 r - a scroll of silence {unknown}
Potions
 d - a potion of might
 j - 5 potions of curing {unknown}
 q - a potion of haste {unknown}
 v - a potion of mutation {unknown}
 w - a potion of cancellation {unknown}
 x - a potion of attraction {unknown}
 z - a potion of heal wounds {unknown}


   Skills:
 + Level 4.5 Fighting
 + Level 3.3 Maces & Flails
 + Level 4.4 Armour
 + Level 4.4 Shields
 + Level 1.6 Invocations


You had 5 spell levels left.
You didn't know any spells.
Your spell library was empty.

Dungeon Overview and Level Annotations

Branches:
Dungeon (5/15)             Temple (0/1) D:4

Altars:
Ashenzari
Makhleb

Shops:
D:3 [   D:4 (


Innate Abilities, Weirdness & Mutations

You are immune to sickness and miasma.
Your stone body is resilient. (AC +4)
You are immune to poison.
You resist negative energy. (rN+)
You are resistant to electric shocks. (rElec)
You are resistant to unholy torment.
You are immune to petrification.


Message History

You closely miss something. Something hits you but does no damage.
The orc priest calls upon Beogh to heal the orc wizard.
The orc wizard is healed somewhat.
The orc wizard completely misses you. Something hits you.
Something hits you but does no damage.
You sock something!
You feel less confused.
The orc priest calls upon Beogh to heal the orc wizard.
The orc wizard's wounds heal themselves!
The orc wizard hits you but does no damage.
Something hits you.
You hit the orc priest but do no damage.
The orc priest is moderately wounded.
The orc priest closely misses you.
The orc wizard points at you and mumbles some strange words.
You resist with some effort.
You hear some strange, mumbled words.
Something tries to affect you, but you resist.
The orc priest closely misses you.
You closely miss the orc priest.
The orc priest is moderately wounded.
The orc wizard casts a spell at you.
The magic dart hits you but does no damage.
Something hits you but does no damage. The orc priest hits you with a +0 mace.
The orc wizard casts a spell at you.
You are confused.
You're too confused to move!
Something hits you but does no damage.
The orc priest calls down the wrath of Beogh upon you.
Beogh smites you!
* * * LOW HITPOINT WARNING * * *
The orc wizard hits you but does no damage.
You're too confused to move!
You hear some strange, mumbled words.
Something tries to affect you, but you resist.
The orc priest misses you.
The orc wizard hits you but does no damage.
Unknown command.
The orc priest mumbles some strange prayers to Beogh against you.
Pain shoots through your body!
You die...

#......# ####...######
## ##.##.##.####
.###.....#.....#
.....#.........##
...###..........##
....##........oo.#
.................##
................@.#
.................#......
##...............# ..##.
#...............#. ...
....##..##......#.. ...
.#### #. #....#..... ..
.#..# ##...##.... .
..... .... ... ..#..


You could see an orc priest and an orc wizard.

Vanquished Creatures
  A hound (D:5)
  Jessica (D:3)
  2 iguanas (D:4)
  6 adders
  An ufetubus (D:5)
  2 worms
  2 dart slugs
  An orc (D:3)
  12 ball pythons
  8 endoplasms
  5 giant cockroaches
  7 goblins
  5 hobgoblins
  6 jackals
  4 kobolds
  2 quokkas
  2 bats
  A frilled lizard (D:2)
  5 rats
73 creatures vanquished.

Notes
Turn   | Place    | Note
-------+----------+-------------------------------------------
     0 | D:1      | siradein the Gargoyle Fighter began the quest for the Orb.
     0 | D:1      | Reached XP level 1. HP: 14/14 MP: 1/1
   227 | D:1      | Reached XP level 2. HP: 16/19 MP: 2/2
   447 | D:1      | Found a faded altar of an unknown god.
   567 | D:1      | Reached XP level 3. HP: 23/23 MP: 3/3
  1503 | D:2      | Reached XP level 4. HP: 29/29 MP: 4/4
  2030 | D:3      | Found a burning altar of Makhleb.
  2030 | D:3      | Noticed a green death
  2071 | D:3      | Noticed a smoke demon
  2071 | D:3      | Noticed a smoke demon
  2073 | D:3      | Became a worshipper of Makhleb the Destroyer
  2245 | D:3      | Noticed Jessica
  2254 | D:3      | Killed Jessica
  2255 | D:3      | Reached XP level 5. HP: 22/33 MP: 5/5
  2390 | D:3      | Found a broken altar of Ashenzari.
  2610 | D:3      | Found Vulemorph's Antique Armour Shoppe.
  2921 | D:4      | Reached skill level 1 in Invocations
  3025 | D:4      | Found Joung's Weapon Boutique.
  3406 | D:4      | Found a staircase to the Ecumenical Temple.
  3539 | D:5      | Entered Level 5 of the Dungeon
  3540 | D:5      | Identified the ring of Psychosis {Fire Str+6}
  3680 | D:5      | Reached XP level 6. HP: 29/39 MP: 7/7
  3794 | D:5      | Killed from afar by an orc priest

Illustrated notes

Levels and vault maps discovered:
D:1:      moated_graveyard_arrival, layout_rooms,
          hellmonk_ecumenical_altar_blasted, serial_glass, glass_columns_b,
          glass_columns_b, minmay_strange_pillars, amcnicky_mini_pool_small
D:2:      layout_loops_ring, hangedman_abyss_or_decor_stabs,
          chequers_decorated_corner
D:3:      layout_basic, mainiacjoe_overflow_paths, makhleb_altar_promises_db,
          serial_shops, shop, uniq_jessica
D:4:      layout_cave_pools, minmay_temple_entry_waves, serial_shops,
          nicolae_shop_hallway_plus
D:5:      layout_cave_pools, uniq_crazy_yiuf_cottage

Skill      XL: |  1  2  3  4  5 |
---------------+----------------+-----
Fighting       | 4 |  4.5
Armour         | 4 |  4.4
Shields        | 4 |  4.4
Maces & Flails | 3 |  3.3
Invocations    | 1 |  1.6

Action                   |  1- 3 |  4- 6 || total
-------------------------+-------+-------++-------
Melee: Flail             |   119 |   181 ||   300
  Use: Scroll            |       |     1 ||     1
Armor: Scale mail        |    68 |   115 ||   183
Dodge: Dodged            |    64 |    99 ||   163
Block: Buckler           |    33 |    36 ||    69

Table legend: (Time is in decaauts)
 A = Elapsed time spent in this place.
 B = Non-inter-level travel time spent in this place.
 C = Inter-level travel time spent in this place.
 D = Time resting spent in this place.
 E = Time spent auto-exploring this place.
 F = Levels seen in this place.
 G = Mean time per level.
                   A        B        C        D        E       F      G
               +--------+--------+--------+--------+--------+-----+--------+
         Total |   3873 |   3800 |     73 |      2 |   3037 |   5 |  774.6 |
       Dungeon |   3873 |   3800 |     73 |      2 |   3037 |   5 |  774.6 |
               +--------+--------+--------+--------+--------+-----+--------+

Top non-repeatable levels by time:
     D:3: 1140 daAuts
     D:2: 1073 daAuts
     D:1: 754 daAuts
     D:4: 642 daAuts
     D:5: 262 daAuts
